 Dungeon Crawl Stone Soup version 0.20-a0-899-g09a9bfb (webtiles) character file.

175 HAL9000 the Cudgeler (level 5, 54/54 HPs)
             Began as an Ogre Berserker on Mar 14, 2017.
             Was a Believer of Trog.
             Quit the game on level 3 of the Dungeon on Mar 18, 2017.
             The game lasted 00:06:36 (3081 turns).

HAL9000 the Cudgeler (Ogre Berserker)               Turns: 3081, Time: 00:06:37

Health: 54/54      AC:  3    Str: 25    XL:     5   Next: 55%
Magic:  5/5        EV: 10    Int:  8    God:    Trog [**....]
Gold:   108        SH:  0    Dex:  8    Spells: 4/4 levels left

rFire    . . .     SeeInvis .   a - +0 mace
rCold    . . .     Gourm    .   b - +0 animal skin
rNeg     . . .     Faith    .   (no shield)
rPois    .         Spirit   .   (helmet restricted)
rElec    .         Reflect  .   (no cloak)
rCorr    .         Harm     .   (gloves unavailable)
MR       .....                  (boots unavailable)
Stlth    +.........             (no amulet)
Regen    0.2/turn               (no ring)
MPRegen  0.1/turn               v - +3 ring of strength

@: no status effects
A: unfitting armour, tough skin 1
a: Berserk, Trog's Hand, Burn Spellbooks, Renounce Religion


You were on level 3 of the Dungeon.
You worshipped Trog.
Trog was pleased with you.
You were not hungry.

You visited 1 branch of the dungeon, and saw 3 of its levels.

You collected 108 gold pieces.

Inventory:

Hand Weapons
 a - a +0 mace (weapon)
Missiles
 u - 5 poisoned javelins (quivered)
Armour
 b - a +0 animal skin (worn)
Jewellery
 v - a +3 ring of strength (left hand)
Wands
 q - a wand of lightning (8/15)
Scrolls
 d - 4 scrolls of identify {unknown}
 e - a scroll of enchant weapon {unknown}
 f - a scroll of fear {unknown}
 h - 3 scrolls of fog {unknown}
 i - 4 scrolls of enchant armour {unknown}
 j - a scroll of immolation {unknown}
 l - a scroll of magic mapping {unknown}
 p - 3 scrolls of teleportation {unknown}
 s - a scroll of remove curse {unknown}
 t - a scroll of recharging {unknown}
Potions
 g - a potion of mutation {unknown}
 m - 2 potions of flight {unknown}
 n - a potion of brilliance {unknown}
Comestibles
 c - a bread ration
 o - a fruit


   Skills:
 - Level 4.0 Fighting
 + Level 5.5 Maces & Flails
 - Level 2.6 Dodging


You had 4 spell levels left.
You didn't know any spells.

Dungeon Overview and Level Annotations

Branches:
Dungeon (3/15)

Altars:
Ashenzari
Kikubaaqudgha


Innate Abilities, Weirdness & Mutations

You are too large for most types of armour.
You have tough skin. (AC +1)


Message History

You are feeling very hungry.
Eat a chunk of flesh? (ye/n/q)
You eat the chunk of flesh.
This raw flesh tastes terrible.
Found a notched opal ring.
Found 16 gold pieces.
u - 5 poisoned javelins
v - a notched opal ring You see here a runed long sword.
A kobold comes into view.
The kobold shouts!
The kobold throws a stone.
The stone closely misses you.
Found 4 fruits.
You see here a stone.
You see here a runed long sword.
Put on which piece of jewellery? (? for menu, Esc to quit)
You feel stronger.
v - a +3 ring of strength (left hand) No target in view!
No target in view!
Are you sure you want to abandon this character and quit the game? (Confirm with "yes".)

#. ..# #.##..## #.#.... .
..... ..K #...##.### #
.%#####........###...#
#.........##.........#
#(..##.........#####
.####.)@##..............
...................###..<
..####..##...#....># #.##
##......###....# #.#
..........#.....###.##
###.####.......#......
#......#.....#.##.##
$.....####.....#.##.#
###.# #####.#..#.##...


There were no monsters in sight!

Vanquished Creatures
  The ghost of StylePro the Covered, an amateur DDFi of Makhleb (D:3)
  2 gnolls (D:1)
  An adder (D:2)
  A worm (D:2)
  A dart slug (D:1)
  2 leopard geckos (D:1)
  2 bats
  3 bat zombies (D:2)
  3 giant cockroaches (D:1)
  7 goblins (D:1)
  8 hobgoblins
  5 frilled lizards
  7 kobolds
  5 rats
48 creatures vanquished.

Notes
Turn   | Place    | Note
-------+----------+-------------------------------------------
     0 | D:1      | HAL9000 the Ogre Berserker began the quest for the Orb.
     0 | D:1      | Reached XP level 1. HP: 24/24 MP: 1/1
   175 | D:1      | Found a shattered altar of Ashenzari.
   310 | D:1      | Reached skill level 3 in Maces & Flails
   310 | D:1      | Reached XP level 2. HP: 14/32 MP: 2/2
  1100 | D:1      | Reached XP level 3. HP: 37/39 MP: 3/3
  1509 | D:1      | Reached skill level 4 in Maces & Flails
  1534 | D:1      | Reached ** piety under Trog
  1898 | D:1      | Reached XP level 4. HP: 41/48 MP: 4/4
  2450 | D:2      | Upgraded the game from 0.20-a0-871-g785f14b to 0.20-a0-899-g09a9bfb
  2808 | D:2      | Found an ancient bone altar of Kikubaaqudgha.
  2934 | D:3      | Noticed StylePro's ghost (amateur DDFi)
  2946 | D:3      | Killed StylePro's ghost
  2946 | D:3      | Reached skill level 5 in Maces & Flails
  2946 | D:3      | Reached XP level 5. HP: 54/54 MP: 5/5
  3081 | D:3      | Quit the game

Vault maps used:
D:1:      matt_arrival_spirals, ashenzari_altar_1
D:2:      lemuel_zombie_altar_kikubaaqudgha
D:3:      nicolae_ru_path_of_blood, uniq_iyjb, uniq_sigmund, uniq_grinder

Skill      XL: |  1  2  3  4 |
---------------+-------------+-----
Maces & Flails | 3 4 5 |  5.5
Fighting       | |  4.0
Dodging        | |  2.6

Action                   |  1- 3 |  4- 6 || total
-------------------------+-------+-------++-------
Melee: Mace              |    88 |    63 ||   151
Invok: Berserk           |     1 |     1 ||     2
  Eat: Chunk             |     4 |     4 ||     8
       Fruit             |       |     1 ||     1
Armor: Animal skin       |    26 |    24 ||    50
Dodge: Dodged            |    55 |    41 ||    96
